 Dungeon Crawl Stone Soup version 0.29.0-5-ge4962eb29e (webtiles) character file.

Game seed: 6318890919278248393

2 Zeldest the Sneak (level 1, -2/19 HPs)
             Began as a Ghoul Delver on Aug 30, 2022.
             Slain by an orc
             ... wielding a +0 club
              (3 damage)
             ... on level 5 of the Dungeon.
             The game lasted 00:00:26 (25 turns).

Zeldest the Sneak (Ghoul Delver)                      Turns: 25, Time: 00:00:27

Health: -2/19      AC:  3    Str: 15    XL:     1   Next: 30%
Magic:  0/0        EV: 11    Int:  5    God:
Gold:   0          SH:  0    Dex: 10    Spells: 0/0 levels left

rFire   . . .      SeeInvis .     - Unarmed
rCold   + . .      Faith    .   (no shield)
rNeg    + + +      Spirit   .   a - +0 leather armour
rPois   ∞          Reflect  .   (no helmet)
rElec   .          Harm     .   (no cloak)
rCorr   .          Rampage  .   (no gloves)
Will    .....                   (no boots)
Stlth   +++.......              (no amulet)
HPRegen 0.00/turn               (no ring)
MPRegen 0.07/turn               (no ring)

@: inhibited regen, hasted, very quick
A: claws 1, cold resistance 1, negative energy resistance 3, inhibited
regeneration, torment resistance 2, devour on kill
a: no special abilities


You were on level 5 of the Dungeon.
You visited 1 branch of the dungeon, and saw 1 of its levels.

Inventory:

Armour
 a - a +0 leather armour (worn)
Wands
 f - a wand of digging (3)
Scrolls
 b - a scroll of fog
 d - a scroll of fear


   Skills:
 + Level 3.3 Fighting
 - Level 1.7 Dodging
 - Level 5.4 Stealth
 * Level 2.3 Unarmed Combat


You couldn't memorise any spells.
You didn't know any spells.
Your spell library was empty.

Dungeon Overview and Level Annotations

Branches:
Dungeon (5/15)
 Temple: D:4-7

Altars:


Innate Abilities, Weirdness & Mutations

You are immune to poison.
You have sharp fingernails.
Your flesh is cold resistant. (rC+)
You are immune to negative energy. (rN+++)
You do not regenerate when monsters are visible.
You are immune to unholy pain and torment.
You thrive by killing the living.


Message History

An orc comes into view. It is wielding a +0 club.
An orc comes into view. It is wielding a +0 flail.
The orc shouts! x3
You scratch the orc but do no damage. The orc closely misses you.
You scratch the orc but do no damage. The orc barely misses you.
You scratch the orc but do no damage. The orc hits you with a +0 flail!
You scratch the orc but do no damage. The orc closely misses you.
You scratch the orc but do no damage. You scratch the orc but do no damage.
The orc barely misses you.
You claw the orc!
You kill the orc!
You feel better.
You scratch the orc.
The orc is lightly wounded.
The orc hits you with a +0 club.
You closely miss the orc.
The orc is lightly wounded.
The orc hits you with a +0 club.
* * * LOW HITPOINT WARNING * * *
You scratch the orc but do no damage.
The orc is lightly wounded.
The orc hits you with a +0 club.
* * * LOW HITPOINT WARNING * * *
You feel yourself speed up. The orc closely misses you.
You scratch the orc but do no damage.
The orc is lightly wounded.
The orc hits you with a +0 club.
* * * LOW HITPOINT WARNING * * *
You closely miss the orc.
The orc is lightly wounded.
The orc completely misses you.
You scratch the orc.
The orc is almost dead.
You barely miss the orc. You claw the orc, but do no damage.
The orc is almost dead.
The orc hits you but does no damage.
You scratch the orc but do no damage.
The orc is almost dead.
The orc hits you with a +0 club.
You die...

#.###...# *,*
#.#...#.# *,*******
*#######.......#
*,,,,,,,* **
*.......>..#****
*******,* ,*
*.######.### *,* ,*
*,* #.# *,* ,****,*
#.# *,* *,,,,,*
#.###########*****,*
*,*****
#....@oo.....,,,,,,*
,,,,*
#############*******
,,,,* ,,,,* ,,,,*
,,,,* ,,*** ***


You could see 2 orcs.

Vanquished Creatures
  An orc (D:5)
1 creature vanquished.

Notes
Turn   | Place    | Note
-------+----------+-------------------------------------------
     0 | D:5      | Zeldest the Ghoul Delver began the quest for the Orb.
     0 | D:5      | Reached XP level 1. HP: 19/19 MP: 0/0
    25 | D:5      | Slain by an orc

Illustrated notes

Levels and vault maps discovered:
D:5:      layout_basic, serial_corexii_hall, corexii_hall_statues_t,
          chequers_hall_statues_y

Action                   || total
-------------------------++-------
Melee: Unarmed           ||    15
       Punch             ||     1
  Use: Scroll            ||     1
       Potion            ||     1
Armor: Leather armour    ||     1
Dodge: Dodged            ||     6
